[Event "Titled Tuesday Blitz January 03 Late 2023"]
[White "Rian, Kapriaga"]
[Black "Kulkarni, Rakesh"]
[WhiteFideId "7103263"]
[BlackFideId "5037077"]
[WhiteElo "2089"]
[BlackElo "2321"]
[Result "0-1"]
[Round "07"]
[TimeControl "180+2"]
[Date "2023.01.03"]
[WhiteClock "0:00:02"]
[BlackClock "0:00:24"]

1. d4 c5 2. d5 e5 3. e4 d6 4. Nc3 g6 5. Be2 Bg7 6. Bg4 Ne7 7. Bxc8 Qxc8 8. Nf3 O-O 9. O-O f5 10. Nd2 a6 11. a4 Nd7 12. Nc4 Qc7 13. a5 f4 14. Qg4 Rf6 15. Bd2 h5 16. Qh3 f3 17. gxf3 Raf8 18. f4 exf4 19. f3 Ne5 20. Nxe5 dxe5 21. Ra3 Nc8 22. Kh1 Nd6 23. b3 R8f7 24. Rg1 Kh7 25. Raa1 Bh6 26. Rg2 Rg7 27. Na4 Nf7 28. c4 Ng5 29. Rxg5 Bxg5 30. Rg1 Bh6 31. Be1 Rg8 32. Bh4 Rf7 33. Bf2 Bf8 34. Be1 Qd7 35. Qh4 Be7 36. Qf2 Rc8 37. Bc3 Qd6 38. Qg2 Rg7 39. Qh3 Rc7 40. Rg2 Bf6 41. Rg1 Kh6 42. Nb6 g5 43. Na4 Qd7 44. Qg2 g4 45. Nb6 Qf7 46. Bd2 Qg6 47. fxg4 Qxg4 48. Qf2 Qxg1+ 49. Qxg1 Rxg1+ 50. Kxg1 Kg5 51. Kg2 Be7 52. Kf3 Kh4 53. Be1+ Kh3 54. Na4 Kxh2 55. Nc3 Bd6 56. Nd1 Rg7 57. Bf2 Rg3+ 58. Bxg3+ fxg3 59. Ne3 h4 60. Ng2 h3 61. Ne3 g2 62. Ng4+ Kh1 63. Nf2+ Kh2 64. Ng4+ Kg1 65. Kg3 Kf1 66. Kh4 g1=Q 67. Kxh3 Ke2 0-1


[Site "https://www.chess.com"]

[Event "Titled Tuesday Blitz January 03 Late 2023"]
[White "Fiorito, Joaquin"]
[Black "Rosenberg, Evan S"]
[WhiteFideId "180173"]
[BlackFideId "2019299"]
[WhiteElo "2405"]
[BlackElo "1956"]
[Result "1-0"]
[Round "07"]
[TimeControl "180+2"]
[Date "2023.01.03"]
[WhiteClock "0:01:56"]
[BlackClock "0:00:24"]

1. d4 d5 2. Nc3 c6 3. Bf4 Qb6 4. Rb1 Nf6 5. e3 Bf5 6. Nf3 h6 7. Ne5 Nbd7 8. Bd3 e6 9. Bxf5 exf5 10. O-O Nxe5 11. Bxe5 Ne4 12. Nxe4 fxe4 13. f3 f6 14. Bg3 exf3 15. Qxf3 O-O-O 16. Qf5+ Rd7 17. c3 c5 18. b4 c4 19. e4 Bd6 20. Rbe1 Bxg3 21. hxg3 Rd8 22. e5 fxe5 23. Rxe5 Qa6 24. Rxd5 Qxa2 25. Rxd7 Rxd7 26. Qc5+ Rc7 27. Rf8+ Kd7 28. Rf7+ Ke6 29. Qxc7 Qa1+ 30. Kh2 Qxc3 31. Qe7+ Kd5 32. Qe5+ Kc6 33. Qc5# 1-0


[Site "https://www.chess.com"]

[Event "Titled Tuesday Blitz January 03 Late 2023"]
[White "ArchibaldCerveza29"]
[Black "Kujawski, Adam"]
[BlackFideId "1100920"]
[WhiteElo "2509"]
[BlackElo "2173"]
[Result "1-0"]
[Round "07"]
[TimeControl "180+2"]
[Date "2023.01.03"]
[WhiteClock "0:01:15"]
[BlackClock "0:00:16"]

1. d4 Nf6 2. Nf3 c5 3. e3 b6 4. b3 g6 5. Bb2 Bg7 6. Be2 O-O 7. O-O d6 8. dxc5 bxc5 9. c4 Bb7 10. Nc3 Nbd7 11. Qd2 Nb6 12. Rfd1 Ne4 13. Nxe4 Bxb2 14. Qxb2 Bxe4 15. Ng5 Bc6 16. f4 Qd7 17. h3 f6 18. Nf3 Kg7 19. Nh4 e5 20. Bg4 f5 21. fxe5 dxe5 22. Rxd7+ 1-0


[Site "https://www.chess.com"]

[Event "Titled Tuesday Blitz January 03 Late 2023"]
[White "Schmidt, Harald"]
[Black "Blanco Acevedo, Cristobal Jose"]
[WhiteFideId "4648358"]
[BlackFideId "3900525"]
[WhiteElo "2347"]
[BlackElo "2310"]
[Result "1/2-1/2"]
[Round "07"]
[TimeControl "180+2"]
[Date "2023.01.03"]
[WhiteClock "0:00:08"]
[BlackClock "0:01:31"]

1. c4 e6 2. b3 d5 3. Bb2 c5 4. Qc1 d4 5. g3 Nf6 6. Bg2 e5 7. d3 Bd6 8. Na3 O-O 9. Nc2 Qc7 10. e4 Nc6 11. Ne2 a6 12. O-O b5 13. cxb5 axb5 14. a4 bxa4 15. bxa4 Be6 16. f4 Bb3 17. Na3 Rxa4 18. Nc4 Rxa1 19. Bxa1 Ra8 20. Bb2 Nb4 21. fxe5 Bxe5 22. Nxe5 Qxe5 23. Nf4 Ra2 24. Bh3 g5 25. Nh5 Nxh5 26. Rf5 Nxd3 27. Qxg5+ Qg7 28. Qd8+ Qf8 29. Rg5+ Ng7 30. Rxg7+ Kxg7 31. Qg5+ Kh8 32. Qf6+ Kg8 33. Qg5+ Qg7 34. Qd8+ Qf8 35. Qg5+ Kh8 36. Qf6+ Qg7 37. Qd8+ Qg8 38. Qf6+ Qg7 39. Qd8+ Qg8 40. Bxd4+ cxd4 41. Qf6+ Qg7 42. Qd8+ Qg8 43. Qf6+ Qg7 44. Qd8+ Qg8 1/2-1/2


[Site "https://www.chess.com"]

[Event "Titled Tuesday Blitz January 03 Late 2023"]
[White "Kalogeris, Ioannis"]
[Black "Van den Dikkenberg, Erik"]
[WhiteFideId "4239563"]
[BlackFideId "1005880"]
[WhiteElo "2423"]
[BlackElo "2091"]
[Result "1-0"]
[Round "07"]
[TimeControl "180+2"]
[Date "2023.01.03"]
[WhiteClock "0:01:07"]
[BlackClock "0:00:08"]

1. e4 c5 2. Nf3 d6 3. Nc3 Nf6 4. Bc4 a6 5. e5 dxe5 6. Nxe5 e6 7. O-O Be7 8. Qf3 O-O 9. d3 Nbd7 10. Bf4 Qb6 11. Bb3 Nxe5 12. Bxe5 Bd7 13. a4 Bc6 14. Qg3 Qb4 15. f4 Rad8 16. Ne2 Bd5 17. Bxd5 Rxd5 18. Nc3 Rd4 19. Bxd4 cxd4 20. Ne4 Nxe4 21. dxe4 Qxb2 22. Qb3 Qxb3 23. cxb3 Rd8 24. Rfd1 Bb4 25. Rac1 d3 26. Rc4 Ba5 27. b4 Bb6+ 28. Kf1 g6 29. a5 Be3 30. g3 e5 31. fxe5 Kg7 32. Rc7 Rd4 33. e6 1-0


[Site "https://www.chess.com"]

[Event "Titled Tuesday Blitz January 03 Late 2023"]
[White "reevecanada"]
[Black "Graham, Nathaniel"]
[BlackFideId "2007983"]
[WhiteElo "2486"]
[BlackElo "2262"]
[Result "1-0"]
[Round "07"]
[TimeControl "180+2"]
[Date "2023.01.03"]
[WhiteClock "0:00:57"]
[BlackClock "0:00:05"]

1. e4 c5 2. Nf3 e6 3. d4 cxd4 4. Nxd4 Nf6 5. Nc3 Nc6 6. Be3 Bb4 7. Nxc6 bxc6 8. Bd2 d5 9. exd5 cxd5 10. Bb5+ Bd7 11. Bxd7+ Qxd7 12. O-O O-O 13. a3 Ba5 14. Qf3 Rfc8 15. Rad1 Rab8 16. b4 Bb6 17. Bg5 Rxc3 18. Qxc3 Ne4 19. Qe5 Qe8 20. Bc1 Rc8 21. Be3 Bxe3 22. fxe3 Rxc2 23. Rc1 Rc8 24. Qf4 Rxc1 25. Rxc1 h6 26. Rc7 a6 27. Qe5 Qa4 28. h3 Qxa3 29. Qf4 Qa1+ 30. Kh2 Nf6 31. Ra7 e5 32. Qf5 Qc3 33. Ra8+ 1-0


[Site "https://www.chess.com"]

[Event "Titled Tuesday Blitz January 03 Late 2023"]
[White "La Villa Rivas, Marlon Javier"]
[Black "Erdogdu, Mert"]
[WhiteFideId "3519546"]
[BlackFideId "6301495"]
[WhiteElo "2246"]
[BlackElo "2413"]
[Result "0-1"]
[Round "07"]
[TimeControl "180+2"]
[Date "2023.01.03"]
[WhiteClock "0:00:16"]
[BlackClock "0:00:52"]

1. e4 c5 2. Nf3 d6 3. d4 cxd4 4. Nxd4 Nf6 5. Nc3 a6 6. Bg5 e6 7. f4 Qb6 8. Qd3 Nc6 9. Nxc6 bxc6 10. O-O-O Rb8 11. b3 d5 12. exd5 cxd5 13. f5 Be7 14. fxe6 fxe6 15. Be2 O-O 16. Rhf1 Qa5 17. Kb1 Bd7 18. Bd2 Bb4 19. Qxa6 Qc5 20. Qd3 Rfc8 21. Rf3 Be8 22. Qe3 d4 23. Qxe6+ Bf7 24. Qf5 dxc3 25. Qxc5 Rxc5 26. Bf4 Re8 27. Bd3 Bh5 28. Bd6 Bxf3 29. Bxc5 Bxd1 30. Bxb4 Nd5 31. Ba3 Bh5 32. Bc1 Re1 33. a4 Nb4 34. Bc4+ Bf7 35. Bb5 Bg6 36. a5 Bxc2+ 0-1


[Site "https://www.chess.com"]

[Event "Titled Tuesday Blitz January 03 Late 2023"]
[White "Rosen, Eric"]
[Black "Sreyas Payyappat"]
[WhiteFideId "2032562"]
[BlackFideId "46674969"]
[WhiteElo "2349"]
[BlackElo "2076"]
[Result "1-0"]
[Round "07"]
[TimeControl "180+2"]
[Date "2023.01.03"]
[WhiteClock "0:00:31"]
[BlackClock "0:00:17"]

1. d4 Nf6 2. Bf4 c5 3. e3 e6 4. Nf3 Nc6 5. Nc3 cxd4 6. exd4 Bb4 7. Bd3 d5 8. O-O O-O 9. Ne2 Re8 10. c3 Bd6 11. Re1 Qc7 12. Qd2 Bd7 13. h3 e5 14. dxe5 Nxe5 15. Nxe5 Bxe5 16. Bxe5 Qxe5 17. Nd4 Qh5 18. Qf4 h6 19. Qg3 Ne4 20. Qf4 Qg6 21. f3 Qf6 22. Qxf6 Nxf6 23. Kf2 Kf8 24. Bc2 Rxe1 25. Rxe1 Re8 26. Rd1 Ke7 27. Bb3 Bc6 28. Nf5+ Kf8 29. Ne3 Re5 30. Rd4 Ke7 31. Bc2 Ke6 32. f4 Ne4+ 33. Kf3 Rh5 34. c4 Nf6 35. cxd5+ Nxd5 36. Bb3 Kd6 37. f5 Ke5 38. Rxd5+ Bxd5+ 39. Bxd5 g6 40. Bxf7 Kf6 41. Bxg6 Rg5 42. h4 1-0


[Site "https://www.chess.com"]

[Event "Titled Tuesday Blitz January 03 Late 2023"]
[White "Fiorito, Francisco"]
[Black "Kaplan, Avi Harrison"]
[WhiteFideId "180165"]
[BlackFideId "30934559"]
[WhiteElo "2305"]
[BlackElo "2146"]
[Result "1/2-1/2"]
[Round "07"]
[TimeControl "180+2"]
[Date "2023.01.03"]
[WhiteClock "0:00:44"]
[BlackClock "0:00:10"]

1. e4 c5 2. d3 e5 3. g3 Nc6 4. Bg2 d6 5. f4 Nf6 6. Nf3 Be7 7. O-O O-O 8. c3 b5 9. h3 Bb7 10. Be3 a5 11. Nbd2 Re8 12. g4 d5 13. fxe5 Nd7 14. exd5 Ncxe5 15. Nxe5 Nxe5 16. d4 cxd4 17. Bxd4 Bf6 18. Ne4 Bh4 19. Bf2 Bxf2+ 20. Rxf2 Nc4 21. Nc5 Ne3 22. Nxb7 Nxd1 23. Nxd8 Nxf2 24. Nc6 Ne4 25. Bxe4 Rxe4 26. d6 Re6 27. Rd1 Kf8 28. d7 Rxc6 29. d8=Q+ Rxd8 30. Rxd8+ Ke7 31. Rd5 b4 32. cxb4 axb4 33. Rd4 Rc1+ 34. Kf2 Rc2+ 35. Kg3 Rxb2 36. h4 Rxa2 37. Rxb4 g6 38. Rb7+ Kf6 39. g5+ Kg7 40. Kg4 Ra4+ 41. Kg3 Ra3+ 42. Kg4 Ra5 43. Re7 Rf5 44. h5 Ra5 45. h6+ Kf8 46. Rb7 Ra4+ 47. Kg3 Ra5 48. Rb8+ Ke7 49. Kg4 Ra4+ 50. Kf3 Ra5 51. Kf4 Ra4+ 52. Ke5 Ra5+ 53. Kf4 Ra4+ 54. Kg3 Ra5 55. Kh4 Ra4+ 56. Kg3 Ra5 1/2-1/2


[Site "https://www.chess.com"]

[Event "Titled Tuesday Blitz January 03 Late 2023"]
[White "Novikov, Evgenij"]
[Black "Denishev, Marat"]
[WhiteFideId "4125380"]
[BlackFideId "24131563"]
[WhiteElo "2276"]
[BlackElo "2255"]
[Result "0-1"]
[Round "07"]
[TimeControl "180+2"]
[Date "2023.01.03"]
[WhiteClock "0:00:05"]
[BlackClock "0:00:04"]

1. d4 Nf6 2. c4 c5 3. d5 b5 4. cxb5 a6 5. b6 d6 6. Nc3 Nbd7 7. Nf3 g6 8. e4 Bg7 9. Be2 O-O 10. O-O Qxb6 11. Nd2 a5 12. Nc4 Qc7 13. Re1 Ba6 14. Bf1 Nb6 15. Nxb6 Qxb6 16. Bxa6 Qxa6 17. Qe2 Rfb8 18. Rb1 Nd7 19. Qxa6 Rxa6 20. Bd2 Ne5 21. b3 Nd3 22. Re2 a4 23. Re3 Ne5 24. bxa4 Rxb1+ 25. Nxb1 Nc4 26. Rb3 Nxd2 27. Nxd2 Rxa4 28. a3 Bd4 29. Rd3 Kg7 30. Kf1 g5 31. Ke2 Bb2 32. g3 Bxa3 33. f4 g4 34. e5 Bb4 35. exd6 exd6 36. Ne4 Ra2+ 37. Kf1 c4 38. Rd4 c3 39. Rxb4 c2 40. Rc4 Ra1+ 41. Kf2 c1=Q 42. Rxc1 Rxc1 43. Nxd6 Rd1 44. Nf5+ Kf6 45. Ne3 Rd2+ 46. Ke1 Ra2 47. Nxg4+ Kf5 48. Nh6+ Ke4 49. Nxf7 Kxd5 50. Ng5 h5 51. Kf1 Kd4 52. Kg1 Ke3 53. Nf7 Kf3 54. Ne5+ Ke4 55. Nf7 Kf5 56. Ne5 Rb2 57. Kf1 Ra2 58. Kg1 Rb2 59. Kf1 Rxh2 60. Kg1 Ra2 61. Kh1 Ke4 62. Kg1 Ke3 63. Kh1 Kf2 64. Kh2 Ra3 65. Ng6 Rxg3 66. f5 Ra3 67. Nh4 Ra7 68. Kh3 Ra6 69. Ng2 Kf3 70. Nh4+ Kf4 71. Ng2+ Kxf5 72. Kh4 Kg6 73. Nf4+ Kh6 74. Nxh5 Ra4+ 75. Kg3 Kxh5 0-1


[Site "https://www.chess.com"]

[Event "Titled Tuesday Blitz January 03 Late 2023"]
[White "Donskov, Anatoly"]
[Black "Martinez Ramirez, Lennis"]
[WhiteFideId "24143413"]
[BlackFideId "3509079"]
[WhiteElo "2279"]
[BlackElo "2426"]
[Result "1-0"]
[Round "07"]
[TimeControl "180+2"]
[Date "2023.01.03"]
[WhiteClock "0:00:04"]
[BlackClock "0:00:15"]

1. e4 c5 2. Nf3 d6 3. d4 cxd4 4. Nxd4 Nf6 5. Nc3 a6 6. Be2 g6 7. g4 Bg7 8. g5 Nh5 9. Bxh5 gxh5 10. Be3 Nc6 11. Nxc6 bxc6 12. Qxh5 Rb8 13. Nd1 Qa5+ 14. Bd2 Qb5 15. Bc3 Bxc3+ 16. bxc3 Qc4 17. Qe2 Be6 18. Qxc4 Bxc4 19. Ne3 Be6 20. f4 Kd8 21. Kd2 Kc7 22. Rhb1 Rb5 23. a4 Ra5 24. c4 h6 25. f5 Bd7 26. g6 fxg6 27. fxg6 Rg8 28. Rg1 Rg5 29. Rxg5 hxg5 30. Rg1 Rxg6 31. h4 g4 32. Ke2 c5 33. Nd5+ Kd8 34. Ke3 Bxa4 35. h5 Rg8 36. h6 Bd7 37. h7 Rh8 38. Rh1 a5 39. Kf4 a4 40. Kg5 g3 41. Kh6 Bg4 42. Kg7 Rxh7+ 43. Kxh7 Bf3 44. Rg1 Bxe4+ 45. Kg7 g2 46. Ne3 Kd7 47. Nxg2 Ke6 48. Ne3 Ke5 49. Rd1 e6 50. Ng4+ Kf4 51. Nf6 Bxc2 52. Rxd6 e5 53. Nd5+ Kf3 54. Nc3 e4 55. Kf6 e3 56. Ke5 e2 57. Nxe2 Kxe2 58. Kd5 a3 59. Ra6 Bh7 60. Rxa3 Kd2 61. Kxc5 Bg8 62. Kb5 Bxc4+ 63. Kxc4 Kc2 64. Ra2+ 1-0


[Site "https://www.chess.com"]

[Event "Titled Tuesday Blitz January 03 Late 2023"]
[White "Urbina Perez, Juan Antonio"]
[Black "Guerra Rivera, Salvador"]
[WhiteFideId "2217368"]
[BlackFideId "32096542"]
[WhiteElo "2266"]
[BlackElo "2290"]
[Result "1/2-1/2"]
[Round "07"]
[TimeControl "180+2"]
[Date "2023.01.03"]
[WhiteClock "0:00:10"]
[BlackClock "0:00:18"]

1. e4 e5 2. Nf3 d6 3. d4 exd4 4. Qxd4 a6 5. Nc3 Nc6 6. Qd2 Nf6 7. b3 g6 8. Bb2 Bg7 9. O-O-O O-O 10. h4 h5 11. Ng5 Qe7 12. f3 b5 13. Nd5 Nxd5 14. Bxg7 Kxg7 15. Qxd5 Bd7 16. f4 Qf6 17. g3 Nb4 18. Qd4 Qxd4 19. Rxd4 a5 20. a3 Nc6 21. Rd2 f6 22. Nf3 Rfe8 23. Bd3 b4 24. a4 Bg4 25. Rf1 Bxf3 26. Rxf3 Nd4 27. Rf1 c5 28. Rdf2 f5 29. exf5 gxf5 30. Kb2 Kf6 31. Bc4 Re3 32. Rg1 Ra7 33. Rfg2 Rg7 34. Kc1 Rc3 35. Kb2 Rd7 36. Bb5 Re7 37. Bc4 Ree3 38. Ba6 d5 39. Bb5 Ke7 40. Ba6 Kd6 41. Bb5 Nf3 42. Rd1 Nd4 43. Rdg1 Kc7 44. Ba6 Kb6 45. Bc8 c4 46. bxc4 dxc4 47. Rd1 Kc5 48. Rgd2 Re4 49. Bxf5 Nxf5 50. Rd5+ Kc6 51. Rxf5 Re2 52. Rf6+ Kc5 53. Rf5+ Kc6 54. Rf6+ Kc7 55. Rf7+ Kc6 56. Rf6+ 1/2-1/2


[Site "https://www.chess.com"]

[Event "Titled Tuesday Blitz January 03 Late 2023"]
[White "Gurevich, Dmitry"]
[Black "Dzierzak, Radoslaw"]
[WhiteFideId "2000407"]
[BlackFideId "1161407"]
[WhiteElo "2393"]
[BlackElo "2220"]
[Result "1-0"]
[Round "07"]
[TimeControl "180+2"]
[Date "2023.01.03"]
[WhiteClock "0:00:13"]
[BlackClock "0:00:01"]

1. d4 Nf6 2. c4 e6 3. Nc3 Bb4 4. a3 Bxc3+ 5. bxc3 b6 6. e3 Bb7 7. f3 Nc6 8. Bd3 Ba6 9. Rb1 Na5 10. Qe2 c5 11. d5 d6 12. e4 e5 13. Nh3 h6 14. O-O g5 15. g3 Qd7 16. Kg2 Rg8 17. Nf2 Qa4 18. Rb5 Bxb5 19. cxb5 c4 20. Bc2 Nb3 21. Be3 Qxb5 22. Rb1 Qa4 23. Bxb3 cxb3 24. Qb2 Rc8 25. Qxb3 Qxb3 26. Rxb3 Kd7 27. g4 Rc4 28. Nd3 Rgc8 29. Bd2 Ke7 30. Nb2 R4c5 31. c4 Nd7 32. a4 Rxc4 33. Nxc4 Rxc4 34. Kg3 Rxa4 35. h4 f6 36. hxg5 hxg5 37. Rb1 Kf7 38. Rh1 Kg7 39. Rc1 Nc5 40. Be3 Ra3 41. Bxc5 bxc5 42. Rb1 Ra6 43. Rb7+ Kg6 44. Rc7 c4 45. Rxc4 Rb6 46. Rc7 a5 47. Rc6 Rb7 48. Ra6 Rd7 49. Rxa5 Kf7 50. Ra8 Ke7 51. Rh8 Rd8 52. Rh7+ Ke8 53. Rc7 Rd7 54. Rc8+ Ke7 55. Rh8 Rc7 56. Rh7+ Kd8 57. Rh6 Ke7 58. Rh7+ Kd8 59. Rh8+ Ke7 60. Kf2 Rc3 61. Ke2 Ra3 62. Rh7+ Ke8 63. Rg7 Ra2+ 64. Kd3 Rf2 65. Kc4 Rxf3 66. Kb5 Rf4 67. Kc6 Rxe4 68. Kxd6 Rxg4 69. Ke6 Kf8 70. Rf7+ Kg8 71. d6 Rd4 72. Rxf6 1-0


[Site "https://www.chess.com"]

[Event "Titled Tuesday Blitz January 03 Late 2023"]
[White "Gomes, Luiz Alexandre de Souza"]
[Black "gshwbedhkhd"]
[WhiteFideId "2102790"]
[WhiteElo "2254"]
[BlackElo "2511"]
[Result "0-1"]
[Round "07"]
[TimeControl "180+2"]
[Date "2023.01.03"]
[WhiteClock "0:00:13"]
[BlackClock "0:00:52"]

1. e4 c5 2. Nf3 e6 3. d4 cxd4 4. Nxd4 Nf6 5. Nc3 Nc6 6. Nxc6 bxc6 7. Bd3 d5 8. O-O Be7 9. Qf3 O-O 10. Rd1 Rb8 11. b3 Nd7 12. Bf4 Rb6 13. exd5 cxd5 14. Na4 Rb4 15. c4 Bb7 16. Qh3 g6 17. Rac1 Bc6 18. Nc3 d4 19. Ne4 e5 20. Bh6 f5 21. Bxf8 Qxf8 22. Nd2 e4 23. Bf1 d3 24. Nb1 Rb8 25. Nc3 Ba3 26. Rb1 Ne5 27. Nd5 Bxd5 28. cxd5 Bc5 29. Rbc1 Ng4 30. Rxc5 Qxc5 31. Qg3 Rd8 32. h3 Nxf2 33. Qxf2 e3 34. Qh4 e2+ 35. Kh2 Qd6+ 0-1


[Site "https://www.chess.com"]

[Event "Titled Tuesday Blitz January 03 Late 2023"]
[White "Pino Perez, Lazaro"]
[Black "Winterberg, Lukas"]
[WhiteFideId "3517055"]
[BlackFideId "24622702"]
[WhiteElo "2142"]
[BlackElo "2402"]
[Result "0-1"]
[Round "07"]
[TimeControl "180+2"]
[Date "2023.01.03"]
[WhiteClock "0:00:57"]
[BlackClock "0:02:12"]

1. d4 c5 2. d5 f5 3. e4 fxe4 4. Nc3 Nf6 5. Bg5 d6 6. Bxf6 exf6 7. Nxe4 f5 8. Nc3 g6 9. Bb5+ Kf7 10. h4 Bg7 11. Nf3 h6 12. Qd2 Nd7 13. Bxd7 Bxd7 14. O-O-O b5 15. Kb1 b4 16. Ne2 a5 17. Nf4 Qf6 18. c3 bxc3 19. Qc2 Rab8 0-1


[Site "https://www.chess.com"]

[Event "Titled Tuesday Blitz January 03 Late 2023"]
[White "Senthil, Maran K"]
[Black "Vifleemskaia, Svetlana"]
[WhiteFideId "25035681"]
[BlackFideId "4129490"]
[WhiteElo "2209"]
[BlackElo "1971"]
[Result "1-0"]
[Round "07"]
[TimeControl "180+2"]
[Date "2023.01.03"]
[WhiteClock "0:01:00"]
[BlackClock "0:00:02"]

1. d4 Nf6 2. Nf3 d5 3. c4 dxc4 4. e3 a6 5. Bxc4 b5 6. Bd3 Bb7 7. O-O Nbd7 8. Qe2 c5 9. a4 c4 10. Bc2 e6 11. e4 Be7 12. e5 Nd5 13. Nc3 Nb4 14. Be4 Bxe4 15. Qxe4 O-O 16. axb5 axb5 17. Rxa8 Qxa8 18. Qxa8 Rxa8 19. Nxb5 Nd3 20. Nd2 Nb6 21. Ne4 Ra1 22. Bd2 Rxf1+ 23. Kxf1 Nxb2 24. Ned6 f6 25. Ke2 Nd5 26. g3 Kf8 27. f4 Bxd6 28. Nxd6 c3 29. Bc1 Nb4 30. Nb5 N4d3 31. Bxb2 cxb2 32. Nc3 Nb4 33. Kd2 Ke7 34. Nb1 Nc6 35. Kc3 g5 36. Nd2 h5 37. h4 gxh4 38. gxh4 fxe5 39. dxe5 Na7 40. Kxb2 Nb5 41. Nf3 1-0


[Site "https://www.chess.com"]

[Event "Titled Tuesday Blitz January 03 Late 2023"]
[White "Corredor Castellanos, Camilo"]
[Black "Goncalves, Davi Sulzbacher"]
[WhiteFideId "4425871"]
[BlackFideId "2154510"]
[WhiteElo "1957"]
[BlackElo "2282"]
[Result "0-1"]
[Round "07"]
[TimeControl "180+2"]
[Date "2023.01.03"]
[WhiteClock "0:02:01"]
[BlackClock "0:01:32"]

1. e4 c5 2. Nf3 d6 3. d4 cxd4 4. Nxd4 Nf6 5. Nc3 a6 6. h4 e5 7. Nb3 Be7 8. Bg5 Nbd7 9. Qd2 h6 10. Bxf6 Nxf6 11. a4 Be6 12. Nd5 Nxe4 13. Qd3 Nf6 14. Nxe7 Qxe7 15. O-O-O Rc8 16. Kb1 Qc7 17. f3 O-O 18. g4 Nd5 19. Na1 Nb4 20. Qd2 a5 21. h5 Qc6 22. Bg2 Qxa4 0-1


[Site "https://www.chess.com"]

[Event "Titled Tuesday Blitz January 03 Late 2023"]
[White "Yashmetov, Mikhail"]
[Black "Broca Jimenez, Fernando"]
[WhiteFideId "24198900"]
[BlackFideId "5104742"]
[WhiteElo "2323"]
[BlackElo "2075"]
[Result "0-1"]
[Round "07"]
[TimeControl "180+2"]
[Date "2023.01.03"]
[WhiteClock "0:00:06"]
[BlackClock "0:00:04"]

1. d4 Nf6 2. c4 e6 3. g3 b6 4. Bg2 c6 5. Nf3 d5 6. O-O Be7 7. Nbd2 O-O 8. Qc2 Bb7 9. e4 dxe4 10. Nxe4 Nbd7 11. Rd1 Rc8 12. Nxf6+ Nxf6 13. Ne5 Qc7 14. Bf4 Nh5 15. Be3 Rfd8 16. Bf3 Nf6 17. Bf4 Bd6 18. Qe2 c5 19. dxc5 Bxf3 20. Nxf3 Bxf4 21. cxb6 axb6 22. gxf4 Qxf4 23. h3 h5 24. b3 Ne4 25. Qe3 Qf5 26. Nh4 Qe5 27. Re1 f5 28. Nf3 Qf6 29. Rad1 Rxd1 30. Rxd1 Rd8 31. Rxd8+ Qxd8 32. Kg2 Qd1 33. Qf4 Qd7 34. Qe3 Qf7 35. Ne5 Qf6 36. f4 g5 37. Qd4 gxf4 38. Kf3 Qg5 39. Ke2 Qg3 40. Qd8+ Kh7 41. Qe7+ Qg7 42. Qxg7+ Kxg7 43. Nd7 Kg6 44. Nxb6 Kg5 45. b4 Ng3+ 46. Kf3 e5 47. c5 e4+ 48. Kg2 e3 49. Kf3 Ne4 50. c6 Nd2+ 51. Ke2 Ne4 52. c7 Nd6 53. c8=Q Kh4 54. Qd7 Ne4 55. Qxf5 Ng3+ 56. Kf3 Nxf5 57. Nd5 Nd4+ 58. Kg2 e2 59. Kf2 f3 60. Nf4 Nc2 61. Nxe2 fxe2 62. Kxe2 Nxb4 63. a4 Nc6 64. Kf2 Kxh3 65. Kg1 Kg3 66. Kh1 h4 67. Kg1 h3 68. Kh1 h2 69. a5 Ne5 70. a6 Ng4 71. a7 Nf2# 0-1


[Site "https://www.chess.com"]

[Event "Titled Tuesday Blitz January 03 Late 2023"]
[White "Karthik, Advaith"]
[Black "Wang, Alexander J"]
[WhiteFideId "30946050"]
[BlackFideId "30955270"]
[WhiteElo "2075"]
[BlackElo "1815"]
[Result "1-0"]
[Round "07"]
[TimeControl "180+2"]
[Date "2023.01.03"]
[WhiteClock "0:02:25"]
[BlackClock "0:01:55"]

1. d4 d5 2. c4 e6 3. Nc3 c5 4. cxd5 exd5 5. Nf3 Nc6 6. Bg5 Be7 7. Bxe7 Ngxe7 8. e3 c4 9. e4 dxe4 10. Nxe4 b5 11. a4 Qa5+ 12. Qd2 Qxd2+ 13. Kxd2 Na5 14. Re1 Nb3+ 15. Kc3 Nd5+ 16. Kc2 Bf5 17. axb5 O-O 18. Bxc4 1-0


[Site "https://www.chess.com"]

[Event "Titled Tuesday Blitz January 03 Late 2023"]
[White "Sloan, Julia Elizabeth"]
[Black "Vega Gutierrez, Sabrina"]
[WhiteFideId "2018950"]
[BlackFideId "2219026"]
[WhiteElo "2087"]
[BlackElo "2377"]
[Result "0-1"]
[Round "07"]
[TimeControl "180+2"]
[Date "2023.01.03"]
[WhiteClock "0:01:40"]
[BlackClock "0:01:15"]

1. d4 d5 2. c4 e6 3. Nc3 c6 4. e3 f5 5. Nf3 Nf6 6. Bd3 Bd6 7. O-O O-O 8. Bd2 Nbd7 9. a3 Ne4 10. Ne1 Rf6 11. f4 b6 12. Nf3 Bb7 13. Ne5 Rc8 14. Bxe4 dxe4 15. Be1 Rh6 16. g4 Bxe5 17. dxe5 Nc5 18. g5 Rh3 19. Bg3 Qe8 20. Qd6 Rd8 21. Qc7 Rd7 0-1


[Site "https://www.chess.com"]

[Event "Titled Tuesday Blitz January 03 Late 2023"]
[White "Horcajuelo Rocamora, Martin"]
[Black "Eisa Mohmood, Alkhoori"]
[WhiteFideId "24573027"]
[BlackFideId "9316116"]
[WhiteElo "2107"]
[BlackElo "1095"]
[Result "1-0"]
[Round "07"]
[TimeControl "180+2"]
[Date "2023.01.03"]
[WhiteClock "0:00:27"]
[BlackClock "0:00:13"]

1. e4 c5 2. Nf3 d6 3. d4 cxd4 4. Nxd4 Nf6 5. Nc3 g6 6. Be3 Bg7 7. f3 O-O 8. Qd2 Nc6 9. O-O-O d5 10. Nxc6 bxc6 11. exd5 Nxd5 12. Bd4 e5 13. Bc5 Be6 14. Ne4 Re8 15. c4 Nf4 16. Qxd8 Rexd8 17. g3 Rxd1+ 18. Kxd1 Rd8+ 19. Kc2 Nh5 20. Be2 Bh6 21. Bxa7 f5 22. Nc5 Rd2+ 23. Kc3 Bc8 24. Bd1 Rg2 25. Nd3 Bd2+ 26. Kb3 e4 27. fxe4 fxe4 28. Ne1 Bxe1 29. Rxe1 Nf6 30. Bd4 Kf7 31. Bxf6 Kxf6 32. Rxe4 Rxh2 33. Bf3 Rh3 34. Rf4+ Ke7 35. Bxc6 Rxg3+ 36. Kb4 g5 37. Re4+ Kd6 38. Bd5 h5 39. Re8 Bd7 40. Rh8 h4 41. Rh6+ Kc7 42. Kc5 h3 43. Rh7 g4 44. Be6 Rd3 45. Bxg4 h2 46. Bxd7 h1=Q 47. Rxh1 Rxd7 48. b4 Kb7 49. b5 Ka7 50. a4 Rb7 51. a5 Rb8 52. Rh7+ Ka8 53. Kb4 Rc8 54. c5 Rb8 55. b6 Rb7 56. Rxb7 Kxb7 57. Kb5 Ka8 58. Ka6 Kb8 59. b7 Kc7 60. Ka7 Kd7 61. b8=Q Kc6 62. Qb6+ Kd7 63. c6+ Kc8 64. Qb7+ Kd8 65. Qd7# 1-0


[Site "https://www.chess.com"]

[Event "Titled Tuesday Blitz January 03 Late 2023"]
[White "Weetik, Vjacheslav"]
[Black "Mitrovic, Darko R"]
[WhiteFideId "4153472"]
[BlackFideId "927023"]
[WhiteElo "2423"]
[BlackElo "2220"]
[Result "1-0"]
[Round "07"]
[TimeControl "180+2"]
[Date "2023.01.03"]
[WhiteClock "0:00:24"]
[BlackClock "0:00:01"]

1. d4 Nf6 2. Nf3 b5 3. Bg5 h6 4. Bxf6 exf6 5. e4 a6 6. a4 Bb7 7. Nbd2 b4 8. Bc4 Be7 9. O-O O-O 10. Re1 a5 11. Nh4 Ba6 12. Bb3 Nc6 13. c3 Kh7 14. Qg4 bxc3 15. bxc3 Rb8 16. Rab1 Bd3 17. Rbc1 Ba3 18. Rcd1 Rxb3 19. Nxb3 Bc2 20. Ra1 Bb2 21. Ra2 Bxc3 22. Rxc2 Bxe1 23. Nf5 g6 24. Ne3 Bb4 25. h4 h5 26. Qf3 Qe7 27. Nd5 Qd6 28. Nxf6+ Kg7 29. Nd5 Ne7 30. Nxc7 Rc8 31. Nb5 Qf6 32. Qxf6+ Kxf6 33. Nc5 Nc6 34. Nxd7+ Ke7 35. Nb6 1-0


[Site "https://www.chess.com"]

[Event "Titled Tuesday Blitz January 03 Late 2023"]
[White "Forgacs, Attila Jr."]
[Black "Golubev, Mikhail"]
[WhiteFideId "773654"]
[BlackFideId "14100983"]
[WhiteElo "2264"]
[BlackElo "2461"]
[Result "0-1"]
[Round "07"]
[TimeControl "180+2"]
[Date "2023.01.03"]
[WhiteClock "0:01:04"]
[BlackClock "0:00:11"]

1. e4 c5 2. d3 Nc6 3. g3 d5 4. Nd2 e6 5. Bg2 g6 6. f4 Bg7 7. e5 f6 8. exf6 Nxf6 9. Ngf3 O-O 10. O-O Ng4 11. Re1 c4 12. h3 Qb6+ 13. d4 Bxd4+ 14. Kf1 Ne3+ 15. Rxe3 Bxe3 16. Qe2 Bc5 17. Ne5 Nxe5 18. Qxe5 Bd4 19. Qe2 Bd7 20. Nf3 Rae8 21. c3 Bg7 22. Be3 Qd6 23. Bd4 e5 24. fxe5 Bxe5 25. Bxe5 Qxe5 26. Qd2 Qxg3 27. Qxd5+ Be6 28. Qxb7 Bxh3 29. Qd5+ Kg7 30. Qd4+ Rf6 31. Qxa7+ Kh6 32. Qf2 Rxf3 33. Bxh3 Rxf2# 0-1


[Site "https://www.chess.com"]